 Dungeon Crawl Stone Soup version 0.20-a0-1122-gb7cbeb9 (webtiles) character file.

109 sepiko the Charmwright (level 4, -4/33 HPs)
             Began as a Merfolk Skald on May 11, 2017.
             Killed by divine providence
             ... invoked by an orc priest
              (9 damage)
             ... on level 3 of the Dungeon.
             The game lasted 00:08:01 (2088 turns).

sepiko the Charmwright (Merfolk Skald)              Turns: 2088, Time: 00:08:02

Health: -4/33      AC:  3    Str: 12    XL:     4   Next: 90%
Magic:  5/7        EV: 11    Int: 12    God:
Gold:   168        SH:  3    Dex: 13    Spells: 4/7 levels left

rFire    + . .     SeeInvis .   v - +0 trident
rCold    x . .     Gourm    .   g - +0 buckler
rNeg     . . .     Faith    .   b - +0 leather armour
rPois    .         Spirit   .   (no helmet)
rElec    .         Reflect  .   (no cloak)
rCorr    .         Harm     .   (no gloves)
MR       .....                  (no boots)
Stlth    +.........             (no amulet)
Regen    0.2/turn               k - ring of fire
MPRegen  0.1/turn               y - ring of wizardry

@: infused
A: change form in water, swift swim, stealthy swim
a: no special abilities


You were on level 3 of the Dungeon.
You were not hungry.

You visited 1 branch of the dungeon, and saw 3 of its levels.

You collected 168 gold pieces.

Inventory:

Hand Weapons
 a - a +0 spear
 v - a +0 trident (weapon)
Armour
 b - a +0 leather armour (worn)
 g - a +0 buckler (worn)
Jewellery
 k - a ring of fire (left hand)
 y - a ring of wizardry (right hand)
Wands
 w - a wand of random effects (33/48)
Scrolls
 f - a scroll of remove curse
 h - 2 scrolls of teleportation
Potions
 e - 2 potions of agility
 j - a potion of degeneration {unknown}
 n - a potion of magic {unknown}
 o - a potion of resistance
 p - a potion of flight {unknown}
 s - a potion of cancellation {unknown}
 t - a potion of might {unknown}
 u - a potion of berserk rage {unknown}
Books
 c - a book of Battle

   Spells                             Type                      Level
   a - Infusion                       Charms                       1
   b - Shroud of Golubria             Charms/Translocation         2
   c - Song of Slaying                Charms                       2
   d - Spectral Weapon                Hexes/Charms                 3
   e - Regeneration                   Charms/Necromancy            3
Comestibles
 d - 4 bread rations
 i - 3 chunks of flesh
 l - a royal jelly
 r - 4 fruits


   Skills:
 - Level 2.1 Fighting
 - Level 3.0 Polearms
 - Level 0.6 Armour
 - Level 2.6 Dodging
 - Level 2.0 Spellcasting
 + Level 5.9 Charms


You had 4 spell levels left.
You knew the following spells:

 Your Spells              Type           Power        Failure   Level  Hunger
a - Infusion              Chrm           ###.         1%          1    ##.....
b - Song of Slaying       Chrm           ###.....     3%          2    ###....


Dungeon Overview and Level Annotations

Branches:
Dungeon (3/15)

Altars:
Gozag
Makhleb
Nemelex Xobeh
Trog

Annotations:
D:3 chronologos's ghost, amateur GrEE


Message History

You barely miss the orc priest.
The orc priest is heavily wounded.
The orc priest closely misses you.
An orc priest comes into view. It is wielding a dagger.
The orc priest shouts!
You hit the orc priest.
The orc priest is severely wounded.
The orc priest barely misses you.
You closely miss the orc priest.
The orc priest is severely wounded.
You block the orc priest's attack.
You closely miss the orc priest.
The orc priest is severely wounded.
The orc priest hits you with a club.
The orc priest calls down the wrath of Beogh upon you.
Beogh smites you!
* * * LOW HITPOINT WARNING * * *
The orc priest calls down the wrath of Beogh upon you.
Beogh smites you!
You die... ###...### #.. ..# #..# #o.# #.# ##. #.o# #o# # #..# #.# #..# #ow

#o# #o#
##.##
##@#.##
#.###.#
#..#.##
#.#.##
#.### #.#
#.######.#
#.....(<.#
##########


You could see a worm, 2 orc priests and 2 orcs.

Vanquished Creatures
  4 adders
  An ooze (D:1)
  A worm (D:2)
  A dart slug (D:3)
  A leopard gecko (D:3)
  7 orcs
  A ball python (D:1)
  7 bats
  2 giant cockroaches (D:3)
  6 goblins
  5 hobgoblins (D:1)
  7 jackals (D:2)
  6 kobolds
  4 frilled lizards
  2 rats
55 creatures vanquished.

Notes
Turn   | Place    | Note
-------+----------+-------------------------------------------
     0 | D:1      | sepiko the Merfolk Skald began the quest for the Orb.
     0 | D:1      | Reached XP level 1. HP: 16/16 MP: 3/3
   268 | D:1      | Reached XP level 2. HP: 6/22 MP: 5/5
   598 | D:1      | Reached skill level 4 in Charms
   893 | D:1      | Reached XP level 3. HP: 25/27 MP: 0/6
  1078 | D:2      | Reached skill level 5 in Charms
  1112 | D:1      | Reached XP level 4. HP: 17/33 MP: 0/7
  1222 | D:2      | Found a bloodstained altar of Trog.
  1239 | D:2      | Found a faded altar of an unknown god.
  1344 | D:2      | Learned a level 2 spell: Song of Slaying
  1427 | D:2      | Found an opulent altar of Gozag.
  1476 | D:2      | Found a burning altar of Makhleb.
  1614 | D:3      | Found a sparkling altar of Nemelex Xobeh.
  2003 | D:3      | Noticed chronologos's ghost (amateur GrEE)
  2088 | D:3      | Killed from afar by an orc priest

Vault maps used:
D:1:      dpeg_arrival_water_altar, amethyst_killhole
D:2:      lightli_temple_of_fire, bloody_trog, chequers_ecumenical_altar_simple,
          nicolae_gozag_cash_rules_everything_around_me
D:3:      old_standard_altar, first_bread, uniq_robin, uniq_ijyb

Skill      XL: |  1  2  3 |
---------------+----------+-----
Charms         | 4 5 |  5.9
Fighting       | |  2.1
Polearms       | |  3.0
Armour         | |  0.6
Dodging        | |  2.6
Spellcasting   | |  2.0

Action                   |  1- 3 |  4- 6 || total
-------------------------+-------+-------++-------
Melee: Spear             |   126 |    18 ||   144
       Trident           |       |    69 ||    69
 Cast: Infusion          |     3 |     2 ||     5
  Use: Scroll            |     4 |     4 ||     8
       Potion            |       |     1 ||     1
 Stab: Sleeping          |     1 |       ||     1
  Eat: Chunk             |     1 |     3 ||     4
Armor: Leather armour    |    29 |    18 ||    47
Dodge: Dodged            |    57 |    42 ||    99
Block: Buckler           |    17 |    12 ||    29
